 Dungeon Crawl Stone Soup version 0.18-a0-1057-g88203af (console) character file.

56 FIQ the Poker (level 3, -1/29 HPs)
             Began as a Merfolk Gladiator on Jan 12, 2016.
             Was an Initiate of Elyvilon (penitent).
             Slain by a hobgoblin
             ... wielding a +0 club
              (3 damage)
             ... on level 2 of the Dungeon.
             The game lasted 00:04:49 (1844 turns).

FIQ the Poker (Merfolk Gladiator)                   Turns: 1844, Time: 00:04:49

Health: -1/29      AC:  4    Str: 15    XL:     3   Next: 95%
Magic:  3/3        EV: 13    Int:  7    God:    Elyvilon [*]
Gold:   75         SH:  0    Dex: 15    Spells: 0 memorised, 2 levels left

rFire  . . .     SeeInvis .     a - +0 trident
rCold  . . .     Gourm    .     b - +0 leather armour
rNeg   . . .     Faith    .     (no shield)
rPois  .         Spirit   .     c - +0 helmet
rElec  .         Dismiss  .     (no cloak)
rCorr  .         Reflect  .     (no gloves)
SustAt .         Harm     .     (no boots)
MR     .....                    (no amulet)
Stlth  +.........               (no ring)
                                (no ring)

@: drained, not resistant to hostile enchantments, very unstealthy
A: change form in water, swift swim
a: Renounce Religion


You were on level 2 of the Dungeon.
You worshipped Elyvilon.
Elyvilon was demanding penance.
You were not hungry.

You visited 1 branch of the dungeon, and saw 2 of its levels.

You collected 75 gold pieces.

Inventory:

Hand Weapons
 a - a +0 trident (weapon)
Missiles
 d - 3 throwing nets (quivered)
Armour
 b - a +0 leather armour (worn)
 c - a +0 helmet (worn)
Jewellery
 e - an uncursed amulet of harm
Scrolls
 h - 2 scrolls of identify {unknown}
 k - a scroll of enchant weapon {unknown}
Potions
 i - a potion of magic {unknown}
 l - a potion of curing {unknown}
Comestibles
 f - 2 bread rations
 g - 3 chunks of flesh
 j - a meat ration


   Skills:
 + Level 3.1(2.0) Fighting
 * Level 5.5(4.3) Polearms
 - Level 2.0(0.9) Throwing
 + Level 4.6(3.4) Dodging
 + Level 0.2(0.0) Invocations


You had 2 spell levels left.
You didn't know any spells.

Dungeon Overview and Level Annotations

Branches:
Dungeon (2/15)

Altars:
Elyvilon
Qazlal


Message History

The goblin misses you.
The hobgoblin hits you but does no damage.
The jackal misses you.
You are a level 3 Merfolk Gladiator.
You are 95% of the way to level 4.
Play time: 00:04:27 (1842 turns) Unknown command.
Really remove
e - an amulet of harm? [Y]es or [N]o only, please.
Really remove
e - an amulet of harm?
You remove your amulet of harm.
The amulet rips away your lifeforce as you remove it!
You feel drained. The bat closely misses you. The jackal closely misses you.
The bat hits you but does no damage. The jackal completely misses you.
The goblin hits you but does no damage.
The hobgoblin hits you but does no damage.
The jackal closely misses you. x2
The jackal bites you but does no damage.
The bat hits you but does no damage. The goblin hits you with a club.
* * * LOW HITPOINT WARNING * * *
The hobgoblin hits you with a club.
You die...

#.(..# #.....(.............
#..#.###รท....#############.
#..#........##
...........#### ###..###.###
## #..# #.# ... #..#
#.###### ##.# #.## #.... .#
#.# #.# ###.##.# ##.#
#.######.b#.##### ##.#
#.##.....g@h....# ###
##.####....#..#gh#..#..# #..
........)#..#.(#..#..#.# #.#
)..(.##(..#..#..#..#...# #.#
##.#.##....#..#..#..#..# #.#
##.#.##..#..#..#..#..#.# #.#
##.#.##................# #.#
...#.####.#.#.....###### #.#
####.. ......... #.. # ###
##.#. ###


You could see 2 jackals, a hobgoblin, a goblin and a bat.

Vanquished Creatures
  2 adders (D:2)
  A giant gecko (D:1)
  A giant cockroach (D:1)
  2 goblins
  6 hobgoblins
  6 jackals
  6 kobolds
  4 bats
  3 giant newts (D:1)
  3 rats
34 creatures vanquished.

Notes
Turn   | Place    | Note
--------------------------------------------------------------
     0 | D:1      | FIQ the Merfolk Gladiator began the quest for the Orb.
     0 | D:1      | Reached XP level 1. HP: 16/16 MP: 1/1
   120 | D:1      | Reached XP level 2. HP: 13/23 MP: 2/2
   436 | D:1      | Reached skill level 5 in Polearms
  1060 | D:1      | Reached XP level 3. HP: 23/28 MP: 3/3
  1643 | D:2      | Found a stormy altar of Qazlal.
  1645 | D:2      | Noticed a fire elemental
  1646 | D:2      | Noticed an air elemental
  1646 | D:2      | Noticed an earth elemental
  1646 | D:2      | Noticed a water elemental
  1731 | D:2      | Found a faded altar to an unknown god.
  1742 | D:2      | Became a worshipper of Elyvilon the Healer
  1742 | D:2      | Reached * piety under Elyvilon
  1759 | D:2      | Was placed under penance by Elyvilon
  1844 | D:2      | Slain by a hobgoblin

Vault maps used:
D:1:      evilmike_arrival_hilbert_curve
D:2:      nicolae_qazlal_style_of_elements, ecumenical_altar_2,
          minmay_misc_feat_diagonals, guppyfry_early_orc_mine

Action                   || total
-------------------------++-------
Melee: Trident           ||   116
 Stab: Sleeping          ||     2
  Eat: Chunk             ||     3
